 Dungeon Crawl Stone Soup version 0.30.1-3-gfc49f6343a (webtiles) character file.

Game seed: 6845823018666852755

96068 Nicksm the Blocker (level 16, -8/90 HPs)
             Began as a Gnoll Fighter on July 17, 2023.
             Was an Elder of Okawaru.
             Killed from afar by a raiju (21 damage)
             ... with a living lightning
             ... on level 2 of the Abyss on July 18, 2023.
             The game lasted 02:00:49 (22258 turns).

Nicksm the Blocker (Gnoll Fighter)                 Turns: 22258, Time: 02:00:50

Health: -8/90      AC: 23    Str: 25      XL:     16   Next: 15%
Magic:  8/8        EV: 12    Int:  2 (3)  God:    Okawaru [****..]
Gold:   1494       SH: 15    Dex: 18 (19) Spells: 24/37 levels left

rFire   + . .        U - +1 demon whip (antimagic)
rCold   . . .        T - +2 kite shield {AC+3}
rNeg    . . .        V - +0 plate armour
rPois   .            X - +1 helmet
rElec   .            O - +2 cloak
rCorr   +            D - +0 pair of gloves
SInv    .            y - +0 pair of boots
Will    +....        n - amulet of regeneration
Stlth   +            i - +6 ring of strength
HPRegen 0.00/turn    b - ring "Rimollao" {rF+ rCorr Dex+6}
MPRegen 0.11/turn

%: random rage (9%)
@: inhibited regen
A: fangs 1, strong nose, distributed training, [berserk 2], [deformed body],
[deterioration 2], [dopey 2], [frail 3], [low MP 2], [screaming 2], [inhibited
regeneration], [weak 2]
a: Renounce Religion, Heroism, Finesse


You were on level 2 of the Abyss.
You worshipped Okawaru.
Okawaru was greatly pleased with you.
You visited 4 branches of the dungeon, and saw 22 of its levels.
You visited the Abyss 1 time.

You collected 1873 gold pieces.
You spent 379 gold pieces at shops.

Inventory:

Hand Weapons
 s - a +4 scimitar of flaming
 U - a +1 antimagic demon whip (weapon)
Missiles
 a - 8 silver javelins (quivered)
 f - 6 boomerangs
 h - 2 throwing nets
Armour
 y - a +0 pair of boots (worn)
 D - a +0 pair of gloves (worn)
 O - a +2 cloak (worn)
 T - a +2 kite shield of protection (worn)
 V - a +0 plate armour (worn)
 X - a +1 helmet (worn)
Jewellery
 b - the ring "Rimollao" (right hand) {rF+ rCorr Dex+6}
   (You found it on level 3 of the Lair of Beasts)

   [ring of dexterity]

   Dex:       It affects your dexterity (+6).
   rF:        It protects you from fire.
   rCorr:     It protects you from acid and corrosion.
 i - a +6 ring of strength (left hand)
 n - an amulet of regeneration (around neck)
 A - a +6 ring of intelligence
 C - a ring of protection from cold
 I - a +6 ring of strength
 R - a ring of willpower
Wands
 H - a wand of roots (21)
 L - a wand of quicksilver (10)
 P - a wand of charming (19)
Scrolls
 g - 5 scrolls of fog
 j - 2 scrolls of poison
 k - 3 scrolls of amnesia {unknown}
 o - 2 scrolls of summoning {unknown}
 p - 4 scrolls of noise
 q - 7 scrolls of fear {unknown}
 r - 2 scrolls of acquirement {unknown}
 w - 3 scrolls of vulnerability
 x - 3 scrolls of enchant armour {unknown}
 z - 13 scrolls of teleportation {unknown}
 G - 4 scrolls of immolation {unknown}
 J - 2 scrolls of torment {unknown}
 K - 8 scrolls of identify
 S - 3 scrolls of enchant weapon {unknown}
Potions
 c - a potion of resistance {unknown}
 d - 3 potions of might
 l - 3 potions of mutation
 m - 2 potions of degeneration {unknown}
 t - a potion of experience {unknown}
 u - 4 potions of flight {unknown}
 B - 5 potions of curing
 E - 3 potions of attraction {unknown}
 F - a potion of haste {unknown}
 M - 4 potions of magic {unknown}
 Q - 2 potions of ambrosia {unknown}
 W - a potion of cancellation {unknown}
 Y - 4 potions of brilliance {unknown}
 Z - 3 potions of invisibility {unknown}


   Skills:
 + Level 12.7 Fighting
 + Level 11.0 Short Blades
 + Level 11.0 Long Blades
 + Level 11.9 Axes
 + Level 11.0 Maces & Flails
 + Level 11.0 Polearms
 + Level 11.0 Staves
 + Level 11.0 Ranged Weapons
 + Level 11.0 Throwing
 + Level 12.7 Armour
 + Level 11.0 Dodging
 + Level 11.0 Stealth
 + Level 12.7 Shields
 + Level 11.0 Unarmed Combat
 + Level 11.0 Spellcasting
 + Level 9.3 Conjurations
 + Level 9.3 Hexes
 + Level 9.3 Summonings
 + Level 9.3 Necromancy
 + Level 9.3 Translocations
 + Level 9.3 Transmutations
 + Level 9.3 Fire Magic
 + Level 9.3 Ice Magic
 + Level 9.3 Air Magic
 + Level 9.3 Earth Magic
 + Level 9.3 Poison Magic
 + Level 12.0 Invocations
 + Level 11.0 Evocations


You had 24 spell levels left.
You knew the following spells:

 Your Spells              Type           Power      Damage    Failure   Level
a - Passwall              Tmut/Erth      3%         N/A       10%         2
b - Mephitic Cloud        Conj/Pois/Air  4%         N/A       19%         3
c - Ozocubu's Armour      Ice            4%         N/A       19%         3
d - Wereblood             Tmut           4%         N/A       10%         2
e - Hailstorm             Conj/Ice       4%         3d4       19%         3

Your spell library contained the following spells:

 Spells                   Type           Power      Damage    Failure   Level
 Magic Dart               Conj           16%        1d3       6%          1
 Sandblast                Erth           8%         2d5       6%          1
 Ensorcelled Hibernation  Hex/Ice        8%         N/A       10%         2
 Static Discharge         Conj/Air       8%         2-3/arc   10%         2
 Sublimation of Blood     Necr           4%         N/A       10%         2
 Portal Projectile        Hex/Tloc       8%         N/A       19%         3
 Spider Form              Tmut/Pois      4%         N/A       19%         3
 Stone Arrow              Conj/Erth      8%         3d7       19%         3
 Vhi's Electric Charge    Tloc/Air       8%         N/A       19%         3
 Volatile Blastmotes      Fire/Tloc      8%         2d10      19%         3
 Airstrike                Air            2%         2d(1-17)  52%         4
 Anguish                  Hex/Necr       2%         N/A       52%         4
 Cause Fear               Hex            2%         N/A       52%         4
 Fulminant Prism          Conj/Hex       2%         3d5       52%         4
 Ice Form                 Ice/Tmut       4%         N/A       52%         4
 Iskenderun's Mystic Bla  Conj/Tloc      4%         2d3       52%         4
 Manifold Assault         Tloc           4%         N/A       52%         4
 Petrify                  Tmut/Erth      4%         N/A       52%         4
 Borgnjor's Vile Clutch   Necr/Erth      2%         N/A       86%         5
 Lee's Rapid Deconstruct  Erth           2%         3d4*      86%         5
 Metabolic Englaciation   Hex/Ice        2%         N/A       86%         5
 Dispersal                Tloc           2%         N/A       100%        6
 Statue Form              Tmut/Erth      2%         N/A       100%        6
 Enfeeble                 Hex            2%         N/A       100%        7
 Ozocubu's Refrigeration  Ice            2%         4d7       100%        7
 Borgnjor's Revivificati  Necr           2%         N/A       100%        8
 Disjunction              Tloc           2%         N/A       100%        8
 Necromutation            Tmut/Necr      2%         N/A       100%        8
 Death's Door             Necr           2%         N/A       100%        9
 Call Imp                 Summ           Unusable   N/A       N/A         2
 Call Canine Familiar     Summ           Unusable   N/A       N/A         3
 Animate Dead             Necr           Unusable   N/A       N/A         4
 Summon Lightning Spire   Summ/Air       Unusable   N/A       N/A         4
 Death Channel            Necr           Unusable   N/A       N/A         6
 Simulacrum               Ice/Necr       Unusable   N/A       N/A         6
 Summon Hydra             Summ           Unusable   N/A       N/A         7

Dungeon Overview and Level Annotations

Branches:
Dungeon (15/15)            Temple (1/1) D:7            Lair (5/5) D:8
 Shoals (0/4) Lair:2       Spider (0/4) Lair:3        Slime (0/5) Lair:5
    Orc (1/2) D:9          Vaults (0/5) D:13         Depths (0/4) D:15

Altars:
Ashenzari
Cheibriados
Dithmenos
Elyvilon
Fedhas
Gozag
Hepliaklqana
Kikubaaqudgha
Makhleb
Nemelex Xobeh
Okawaru
Qazlal
Ru
Sif Muna
Trog
Uskayaw
Vehumet
Wu Jian
Xom
Yredelemnul
Zin
The Shining One
Jiyva

Shops:
D:2 (   D:4 *   D:7 [   D:8 =

Portals:
Trove: D:13 (give 11 potions of heal wounds)

Annotations:
D:7 exclusion: downstairs
D:11 exclusion: 2 downstairs
D:13 exclusion: downstairs
D:14 exclusions: downstairs and 2 ice statues
Orc:1 Sonja


Innate Abilities, Weirdness & Mutations

You have very sharp teeth.
Your uncanny sense of smell can sniff out nearby items.
Your experience applies equally to all skills.
[You have an uncontrollable temper.]
[Armour fits poorly on your strangely shaped body.]
[Your body often deteriorates upon taking damage.]
[You are very dopey. (Int -4)]
[You are extremely frail. (-30% HP)]
[Your magical capacity is very low. (-20% MP)]
[You frequently scream uncontrollably at your foes.]
[You do not regenerate when monsters are visible.]
[You are very weak. (Str -4)]


Message History

The living lightning hits you but does no damage.
The raiju blinks! x2
Tentacles burst from the starspawn's body! 2 starspawn tentacles come into view.
The raiju attacks as you move away! The raiju bites you but does no damage.
Press: ? - help, v - describe, . - travel
Here: a raiju The floor.
Press: ? - help, v - describe, . - travel
Here: a raiju The floor.
The raiju attacks as you move away! You block the raiju's attack.
A rakshasa comes into view. It is wielding a +0 trident of venom.
Tentacles burst from the starspawn's body!
The raiju bursts into living lightning!
The living lightning hits you!
Your body deteriorates!
You feel clumsy.
The raiju blinks! 2 starspawn tentacles come into view.
You block the raiju's attack. You block the raiju's attack.
A starcursed mass comes into view.
A starcursed mass splits.
A chorus of shrieks assaults your mind.
* * * LOW HITPOINT WARNING * * *
The raiju bites you but does no damage. The raiju attacks as you move away!
You block the raiju's attack.
A starcursed mass splits.
A chorus of shrieks assaults your mind.
* * * LOW HITPOINT WARNING * * *
A starcursed mass splits.
The raiju bursts into living lightning!
The living lightning hits you but does no damage.
The raiju blinks!
A starcursed mass splits.
A chorus of shrieks assaults your mind.
* * * LOW HITPOINT WARNING * * *
You block the raiju's attack.
The raiju bursts into living lightning!
The living lightning hits you!!
You die...

.. ...# ..... #..#
.. #.#...###
#.#.......# ..
.....#.#.# # ##.
##..#..#.# . #
....##....#.h.##....
# #. ..##.....@...#
. Λ.#.##....###...#
....#.##..§.# ##..#
#..h....## #
#....R#X# #....#.X#
#......X#.#
##.##..#.XX.
###...####.#


You could see a rakshasa and 2 raiju.

Vanquished Creatures
  Jorgrun (D:15)
  Snorg (D:14)
  A rakshasa (Abyss:2)
  3 hydras
  9 centaur warriors
  2 ogre magi
  2 catoblepae (Lair:5)
  A death knight (D:12)
  13 death yaks
  4 boulder beetles
  15 two-headed ogres
  The ghost of ZoeForever1 the Grappler, a novice DrTm (D:9)
  A thrashing horror (Abyss:2)
  3 tengu warriors
  2 skysharks
  10 skeletal warriors (D:14)
  A swamp dragon (shapeshifter) (D:12)
  Pikel (D:8)
  2 deep elf pyromancers
  2 wolf spider zombies (D:14)
  8 ugly things
  3 cyclopes
  4 manticores
  A worldbinder (Abyss:2)
  Maurice (D:8)
  5 centaur zombies (D:14)
  22 elephants
  3 torpor snails
  A black mamba (Lair:5)
  Psyche (D:8)
  A gargoyle (D:11)
  A rime drake (Lair:4)
  17 cane toads
  4 komodo dragons
  A yaktaur (shapeshifter) (D:15)
  4 efreet
  An ice devil (Abyss:2)
  2 freezing wraiths
  An ancient zyme (Abyss:2)
  A tengu conjurer (D:12)
  3 polar bears
  A wind drake (shapeshifter) (D:14)
  Prince Ribbit (D:5)
  7 trolls
  3 meliai (D:13)
  A hornet (D:11)
  3 dream sheep (Lair:5)
  19 blink frogs
  A blink frog (shapeshifter) (D:15)
  A meliai zombie (D:14)
  15 slime creatures
  3 centaur simulacra (D:12)
  2 vampires
  4 wraiths
  2 shadows (D:14)
  2 wyverns
  38 yaks
  5 basilisks
  3 redbacks (Lair:3)
  A human (shapeshifter) (D:14)
  4 vampire mosquitoes
  2 acid dragons
  10 water moccasins
  2 black bears (D:8)
  3 ice beasts
  7 orc warriors
  7 ogres
  16 wolves
  A lemure (D:8)
  11 centaurs
  3 phantoms
  2 kobold brigands
  11 bullfrogs
  2 gnoll sergeants
  5 scorpions
  7 killer bees
  2 howler monkeys (D:8)
  An electric eel (D:11)
  4 hounds
  6 jellies
  7 orc priests
  A sleepcap (D:4)
  A gnoll bouda (D:7)
  2 iguanas (D:5)
  12 orc wizards
  A small abomination (Abyss:2)
  13 gnolls
  5 adders
  A shadow imp (D:8)
  8 white imps
  6 ufetubi
  A worm (D:2)
  A dart slug (D:3)
  50 orcs
  7 ball pythons
  3 bats (D:2)
  11 endoplasms
  12 goblins
  6 hobgoblins
  4 quokkas
  3 frilled lizards
  19 kobolds
  8 rats
  A spectral hobgoblin (D:2)
561 creatures vanquished.

Vanquished Creatures (others)
  A titan simulacrum (Abyss:2)
  A centaur simulacrum (D:12)
  A howler monkey (D:8)
  28 starspawn tentacles (Abyss:2)
31 creatures vanquished.

Grand Total: 592 creatures vanquished

Notes
Turn   | Place    | Note
-------+----------+-------------------------------------------
     0 | D:1      | Nicksm the Gnoll Fighter began the quest for the Orb.
     0 | D:1      | Reached XP level 1. HP: 23/23 MP: 1/1
   258 | D:1      | Reached XP level 2. HP: 18/29 MP: 2/2
   737 | D:1      | Reached XP level 3. HP: 15/35 MP: 2/4
   827 | D:2      | Found Bicleps's Weapon Boutique.
   892 | D:2      | Reached skill level 1 in Invocations
  1074 | D:2      | Reached skill level 1 in Short Blades
  1074 | D:2      | Reached skill level 1 in Long Blades
  1074 | D:2      | Reached skill level 1 in Maces & Flails
  1074 | D:2      | Reached skill level 1 in Polearms
  1074 | D:2      | Reached skill level 1 in Staves
  1074 | D:2      | Reached skill level 1 in Ranged Weapons
  1074 | D:2      | Reached skill level 1 in Throwing
  1074 | D:2      | Reached skill level 1 in Dodging
  1074 | D:2      | Reached skill level 1 in Stealth
  1074 | D:2      | Reached skill level 1 in Unarmed Combat
  1074 | D:2      | Reached skill level 1 in Spellcasting
  1074 | D:2      | Reached skill level 1 in Evocations
  1301 | D:2      | Found a faded altar of an unknown god.
  1430 | D:2      | Reached XP level 4. HP: 41/41 MP: 5/5
  1694 | D:3      | Reached skill level 1 in Conjurations
  1694 | D:3      | Reached skill level 1 in Hexes
  1694 | D:3      | Reached skill level 1 in Summonings
  1694 | D:3      | Reached skill level 1 in Necromancy
  1694 | D:3      | Reached skill level 1 in Translocations
  1694 | D:3      | Reached skill level 1 in Transmutations
  1694 | D:3      | Reached skill level 1 in Fire Magic
  1694 | D:3      | Reached skill level 1 in Ice Magic
  1694 | D:3      | Reached skill level 1 in Air Magic
  1694 | D:3      | Reached skill level 1 in Earth Magic
  1694 | D:3      | Reached skill level 1 in Poison Magic
  2114 | D:4      | Found a transporter.
  2136 | D:4      | Reached XP level 5. HP: 46/47 MP: 5/7
  2289 | D:4      | Noticed an ogre
  2319 | D:4      | Reached XP level 6. HP: 48/53 MP: 8/8
  2381 | D:4      | Reached skill level 5 in Axes
  2465 | D:4      | Got the Quarto of the Tesseract and Mustering
  2489 | D:4      | Found a transporter.
  2489 | D:4      | Found Bamexut's General Store.
  2648 | D:5      | Entered Level 5 of the Dungeon
  2648 | D:5      | Noticed Prince Ribbit
  2659 | D:5      | Killed Prince Ribbit
  2660 | D:5      | Reached XP level 7. HP: 27/60 MP: 10/10
  2762 | D:4      | Reached XP level 8. HP: 49/67 MP: 12/12
  2874 | D:4      | Bought a wand of flame (11) for 107 gold pieces
  2874 | D:4      | Bought a potion of heal wounds for 70 gold pieces
  3673 | D:6      | Reached XP level 9. HP: 73/73 MP: 14/14
  3922 | D:6      | Found a shimmering blue altar of Sif Muna.
  4405 | D:7      | Found Gapseenn's Antique Armour Shoppe.
  4742 | D:7      | Found a staircase to the Ecumenical Temple.
  4761 | Temple   | Entered the Ecumenical Temple
  4816 | Temple   | Became a worshipper of Warmaster Okawaru
  5085 | D:8      | Noticed Psyche
  5095 | D:8      | Reached skill level 5 in Invocations
  5098 | D:8      | Killed Psyche
  5111 | D:8      | Reached * piety under Okawaru
  5136 | D:8      | Noticed Pikel
  5151 | D:8      | Killed Pikel
  5152 | D:8      | Reached skill level 5 in Short Blades
  5152 | D:8      | Reached skill level 5 in Long Blades
  5152 | D:8      | Reached skill level 5 in Maces & Flails
  5152 | D:8      | Reached skill level 5 in Polearms
  5152 | D:8      | Reached skill level 5 in Staves
  5152 | D:8      | Reached skill level 5 in Ranged Weapons
  5152 | D:8      | Reached skill level 5 in Throwing
  5152 | D:8      | Reached skill level 5 in Dodging
  5152 | D:8      | Reached skill level 5 in Stealth
  5152 | D:8      | Reached skill level 5 in Unarmed Combat
  5152 | D:8      | Reached skill level 5 in Spellcasting
  5152 | D:8      | Reached skill level 5 in Evocations
  5152 | D:8      | Reached XP level 10. HP: 71/81 MP: 17/17
  5194 | D:8      | Found a hide-covered altar of Uskayaw.
  5230 | D:8      | Found a staircase to the Lair.
  5246 | D:8      | Noticed Maurice
  5254 | D:8      | Killed Maurice
  5254 | D:8      | Reached ** piety under Okawaru
  5264 | D:8      | Noticed a two-headed ogre
  5424 | D:8      | Found Baxkut's Jewellery Shop.
  5458 | D:8      | Killed a two-headed ogre
  5855 | D:9      | Found a runed translucent gate.
  5855 | D:9      | Found a runed translucent gate.
  5855 | D:9      | Found an opulent altar of Gozag.
  5857 | D:9      | Found a runed translucent gate.
  5857 | D:9      | Noticed a deep elf pyromancer
  5858 | D:9      | Noticed ZoeForever1's ghost (novice DrTm)
  6045 | D:9      | Identified the +1 ring mail of the Valley of Death {+Inv
                  | Str+4}
  6104 | D:9      | Noticed a two-headed ogre
  6111 | D:9      | Killed a two-headed ogre
  6199 | D:9      | Noticed a two-headed ogre
  6201 | D:9      | Found an ornate altar of the Wu Jian Council.
  6205 | D:9      | Killed a two-headed ogre
  6205 | D:9      | Reached *** piety under Okawaru
  6206 | D:9      | Reached skill level 5 in Conjurations
  6206 | D:9      | Reached skill level 5 in Hexes
  6206 | D:9      | Reached skill level 5 in Summonings
  6206 | D:9      | Reached skill level 5 in Necromancy
  6206 | D:9      | Reached skill level 5 in Translocations
  6206 | D:9      | Reached skill level 5 in Transmutations
  6206 | D:9      | Reached skill level 5 in Fire Magic
  6206 | D:9      | Reached skill level 5 in Ice Magic
  6206 | D:9      | Reached skill level 5 in Air Magic
  6206 | D:9      | Reached skill level 5 in Earth Magic
  6206 | D:9      | Reached skill level 5 in Poison Magic
  6206 | D:9      | Reached XP level 11. HP: 68/89 MP: 20/20
  6281 | D:9      | Found a staircase to the Orcish Mines.
  6428 | D:9      | Noticed a two-headed ogre
  6671 | D:9      | Killed a two-headed ogre
  6796 | D:7      | Bought a glowing kite shield for 202 gold pieces
  6871 | D:10     | Entered Level 10 of the Dungeon
  7027 | D:10     | Reached **** piety under Okawaru
  7069 | D:10     | Received a gift from Okawaru
  7765 | D:11     | Paralysed by a hornet for 1 turns
  8229 | D:11     | Noticed a two-headed ogre
  8454 | D:11     | Killed a two-headed ogre
  8454 | D:11     | Reached ***** piety under Okawaru
  8523 | D:11     | Noticed a manticore
  8524 | D:11     | Identified the +7 flail of Urgency {holy, *Noise rC+ SInv}
  8540 | D:11     | Killed a manticore
  8590 | D:11     | Noticed a green ugly thing
  8610 | D:11     | Killed a green ugly thing
  8610 | D:11     | Received a gift from Okawaru
  8611 | D:11     | Reached XP level 12. HP: 91/97 MP: 22/22
  8813 | D:12     | Noticed a centaur warrior
  8813 | D:12     | Noticed a centaur warrior
  8833 | D:12     | Killed a centaur warrior
  8900 | D:12     | Noticed a centaur warrior
  8931 | D:12     | Killed a centaur warrior
  8931 | D:12     | Received a gift from Okawaru
  8939 | D:12     | Noticed a boulder beetle
  8942 | D:12     | Noticed a centaur warrior
  8953 | D:12     | Reached skill level 10 in Fighting
  8953 | D:12     | Reached skill level 10 in Armour
  8953 | D:12     | Reached skill level 10 in Shields
  8960 | D:12     | Killed a centaur warrior
  8964 | D:12     | Killed a centaur warrior
  8964 | D:12     | Received a gift from Okawaru
  8981 | D:12     | Killed a boulder beetle
  9092 | D:12     | Noticed a tengu warrior
  9092 | D:12     | Noticed a centaur warrior
  9104 | D:12     | Noticed a death knight
  9152 | D:12     | Noticed a centaur warrior
  9159 | D:12     | Killed a tengu warrior
  9167 | D:11     | Killed a centaur warrior
  9335 | Lair:1   | Entered Level 1 of the Lair of Beasts
  9670 | Lair:1   | Reached XP level 13. HP: 91/104 MP: 25/25
 10283 | Lair:2   | Received a gift from Okawaru
 10336 | Lair:2   | Identified the +1 robe of Temperance {Regen+} (Okawaru
                  | gifted it to you on level 2 of the Lair of Beasts)
 10336 | Lair:2   | Received a gift from Okawaru
 10578 | Lair:2   | Learned a level 2 spell: Passwall
 10834 | Lair:2   | Found a staircase to the Shoals.
 11258 | Lair:3   | Identified the ring "Rimollao" {rF+ rCorr Dex+6}
 11515 | Lair:3   | Found a hole to the Spider Nest.
 11888 | Lair:3   | Reached skill level 10 in Axes
 12707 | Lair:4   | Received a gift from Okawaru
 12799 | Lair:4   | Reached skill level 10 in Invocations
 12799 | Lair:4   | Reached XP level 14. HP: 100/113 MP: 27/27
 12879 | Lair:4   | Received a gift from Okawaru
 13804 | Lair:5   | Entered Level 5 of the Lair of Beasts
 13851 | Lair:4   | Received a gift from Okawaru
 14154 | Lair:5   | Received a gift from Okawaru
 14192 | Lair:5   | Found a viscous altar of Jiyva.
 14243 | Lair:5   | Found a staircase to the Slime Pits.
 14463 | Lair:5   | Identified the +2 leather armour of Absolutism {Dex+4}
 15089 | Lair:5   | Received a gift from Okawaru
 15170 | Lair:5   | Received a gift from Okawaru
 15592 | D:9      | Killed ZoeForever1's ghost
 15625 | D:9      | Reached skill level 10 in Short Blades
 15625 | D:9      | Reached skill level 10 in Long Blades
 15625 | D:9      | Reached skill level 10 in Maces & Flails
 15625 | D:9      | Reached skill level 10 in Polearms
 15625 | D:9      | Reached skill level 10 in Staves
 15625 | D:9      | Reached skill level 10 in Ranged Weapons
 15625 | D:9      | Reached skill level 10 in Throwing
 15625 | D:9      | Reached skill level 10 in Dodging
 15625 | D:9      | Reached skill level 10 in Stealth
 15625 | D:9      | Reached skill level 10 in Unarmed Combat
 15625 | D:9      | Reached skill level 10 in Spellcasting
 15625 | D:9      | Reached skill level 10 in Evocations
 16469 | D:12     | Reached XP level 15. HP: 51/120 MP: 5/29
 16531 | D:12     | Learned a level 3 spell: Mephitic Cloud
 16831 | D:12     | Learned a level 3 spell: Ozocubu's Armour
 17063 | D:12     | Upgraded the game from 0.30.1-1-g62c8e00024 to
                  | 0.30.1-3-gfc49f6343a
 17747 | D:13     | Found a gate to the Vaults.
 18189 | D:13     | Found a portal to a secret trove of treasure.
 18464 | D:13     | Identified the +0 scale mail "Acacwudgh" {rF+ Str+3 Int+3}
 19058 | D:14     | Found a frozen archway.
 19481 | D:14     | Learned a level 2 spell: Wereblood
 19485 | D:14     | Learned a level 3 spell: Hailstorm
 19534 | D:14     | Received a gift from Okawaru
 19917 | D:14     | Noticed Snorg
 19929 | D:14     | Killed Snorg
 20487 | D:15     | Entered Level 15 of the Dungeon
 20490 | D:15     | Received a gift from Okawaru
 20576 | D:15     | Received a gift from Okawaru
 20790 | D:15     | Found a shimmering blue altar of Sif Muna.
 21021 | D:15     | Noticed Jorgrun
 21053 | D:15     | Killed Jorgrun
 21054 | D:15     | Reached XP level 16. HP: 127/129 MP: 3/30
 21337 | D:14     | Received a gift from Okawaru
 21594 | D:15     | Found a staircase to the Depths.
 21846 | Orc:1    | Entered Level 1 of the Orcish Mines
 21932 | Orc:1    | Noticed Sonja
 21944 | Abyss:2  | Cast into level 2 of the Abyss (Sonja)
 21977 | Abyss:2  | Found a corrupted altar of Lugonu.
 22111 | Abyss:2  | Noticed a tentacled starspawn
 22218 | Abyss:2  | Noticed a tentacled starspawn
 22227 | Abyss:2  | Found a corrupted altar of Lugonu.
 22258 | Abyss:2  | Killed from afar by a raiju

Illustrated notes

Levels and vault maps discovered:
D:1:      minmay_arrival_split_and_join, layout_basic
D:2:      layout_loops_corners, serial_shops, nicolae_shop_stone,
          dreamdust_ecumenical_altar_drowned_temple
D:3:      layout_rooms
D:4:      layout_rooms, serial_shops, nicolae_shop_drivethru
D:5:      layout_rooms, uniq_prince_ribbit1
D:6:      layout_loops_ring, mainiacjoe_overflow_six_doors_small
D:7:      layout_cave_pools, minmay_temple_entry_statues_fountains,
          serial_shops, shop, nicolae_concentric_dashed_squares_mild
D:8:      layout_basic, nicolae_uskayaw_murder_on_the_dancefloor,
          david_lair_generic, enter_bailey_3, serial_shops,
          nicolae_shop_hallway_stairs, serial_demonic, serial_demonic_g,
          serial_demonic_b, serial_demonic_c, serial_demonic_c,
          serial_demonic_c, serial_demonic_c, serial_demonic_e,
          serial_demonic_b, uniq_maurice, uniq_psyche, uniq_pikel
D:9:      layout_rooms, amcnicky_altar_gilded, david_orc_5, ebering_ghost_gozag,
          kennysheep_donut
D:10:     layout_roguey
D:11:     wad_river_or_something, layout_layer_cave
D:12:     minmay_crescents, layout_long_grid
D:13:     layout_basic, david_vaults_2, enter_trove_2,
          hangedman_decor_diamond_cutter
D:14:     layout_irregular_city, corexii_corridor_pit,
          portal_ice_cave_entry_ice_statue_two, serial_undead, serial_undead_d,
          serial_undead_a, serial_undead_e, serial_undead_c, serial_undead_d,
          serial_undead_c, uniq_snorg
D:15:     gammafunk_enter_depths_forms, layout_basic, minmay_stone_trees_medium,
          led_sif_book, uniq_jorgrun
Temple:   compressed_dpeg_triangle_lava_temple
Lair:1:   layout_cave_shapes, serial_bayou_lagoon_a
Lair:2:   layout_small_grid, shoals_dummy_entry, serial_bayou_shore_b,
          serial_bayou_shore_b
Lair:3:   layout_concentric_octagons, spider_nest_entry_webs, st_stairs_9
Lair:4:   layout_long_grid, grunt_megastairs_3
Lair:5:   hangedman_lair_in_review, layout_regular_city,
          nicolae_slime_entry_slimehenge, gauntlet_entry_generic
Orc:1:    layout_caves, uniq_harold, uniq_sonja
Abyss:2:  base: Lair:2, evilmike_abyss_exit_vortex,
          spicy_abyss_unhelpful_harpoons, evilmike_abyss_exit_8

Skill      XL: |  1  2  3  4  5  6  7  8  9 10 11 12 13 14 15 16 |
---------------+-------------------------------------------------+-----
Invocations    | 1 2 3 4 5 6 7 8 10 11 12 | 12.0
Short Blades   | 1 2 3 5 6 7 8 9 10 11 | 11.0
Long Blades    | 1 2 3 5 6 7 8 9 10 11 | 11.0
Maces & Flails | 1 2 3 5 6 7 8 9 10 11 | 11.0
Polearms       | 1 2 3 5 6 7 8 9 10 11 | 11.0
Staves         | 1 2 3 5 6 7 8 9 10 11 | 11.0
Ranged Weapons | 1 2 3 5 6 7 8 9 10 11 | 11.0
Throwing       | 1 2 3 5 6 7 8 9 10 11 | 11.0
Dodging        | 1 2 3 5 6 7 8 9 10 11 | 11.0
Stealth        | 1 2 3 5 6 7 8 9 10 11 | 11.0
Unarmed Combat | 1 2 3 5 6 7 8 9 10 11 | 11.0
Spellcasting   | 1 2 3 5 6 7 8 9 10 11 | 11.0
Evocations     | 1 2 3 5 6 7 8 9 10 11 | 11.0
Conjurations   | 1 2 3 4 5 6 7 8 9 |  9.3
Hexes          | 1 2 3 4 5 6 7 8 9 |  9.3
Summonings     | 1 2 3 4 5 6 7 8 9 |  9.3
Necromancy     | 1 2 3 4 5 6 7 8 9 |  9.3
Translocations | 1 2 3 4 5 6 7 8 9 |  9.3
Transmutations | 1 2 3 4 5 6 7 8 9 |  9.3
Fire Magic     | 1 2 3 4 5 6 7 8 9 |  9.3
Ice Magic      | 1 2 3 4 5 6 7 8 9 |  9.3
Air Magic      | 1 2 3 4 5 6 7 8 9 |  9.3
Earth Magic    | 1 2 3 4 5 6 7 8 9 |  9.3
Poison Magic   | 1 2 3 4 5 6 7 8 9 |  9.3
Axes           | 5 6 7 8 9 10 11 | 11.9
Fighting       | 7 8 9 10 11 12 | 12.7
Armour         | 7 8 9 10 11 12 | 12.7
Shields        | 7 8 9 10 11 12 | 12.7

Action                     |  1- 3 |  4- 6 |  7- 9 | 10-12 | 13-15 | 16-18 || total
---------------------------+-------+-------+-------+-------+-------+-------++-------
  Melee: War axe           |   111 |    86 |       |       |       |       ||   197
         Bite              |     7 |    19 |    22 |   116 |   424 |    20 ||   608
         Battleaxe         |       |    44 |   190 |   154 |       |       ||   388
         Short sword       |       |       |       |   684 |  1394 |       ||  2078
         Whip              |       |       |       |    24 |     8 |       ||    32
         Demon whip        |       |       |       |       |   963 |   162 ||  1125
  Throw: Boomerang         |     1 |     6 |    11 |     5 |    45 |       ||    68
         Javelin           |       |       |       |     4 |    17 |       ||    21
   Cast: Hailstorm         |       |       |       |       |     5 |     5 ||    10
         Ozocubu's Armour  |       |       |       |       |     2 |       ||     2
         Wereblood         |       |       |       |       |     1 |       ||     1
 Invoke: Heroism           |       |       |       |     7 |    13 |     2 ||    22
         Finesse           |       |       |       |     2 |    11 |     1 ||    14
  Evoke: Wand              |       |       |     2 |    19 |     2 |       ||    23
    Use: Potion            |       |       |     4 |     6 |     5 |     1 ||    16
         Scroll            |       |       |     8 |     1 |       |     3 ||    12
   Stab: Petrified         |       |       |       |       |    10 |       ||    10
         Petrifying        |       |       |       |       |     2 |       ||     2
 Armour: Scale mail        |    51 |    48 |    77 |    61 |       |       ||   237
         Ring mail         |       |       |       |    62 |       |       ||    62
         Plate armour      |       |       |       |   335 |   735 |    81 ||  1151
  Dodge: Dodged            |    32 |    54 |   110 |   381 |   640 |    59 ||  1276
  Block: Buckler           |    29 |    27 |       |       |       |       ||    56
         Kite shield       |       |       |       |   503 |  1245 |   147 ||  1895
